 Dungeon Crawl Stone Soup version 0.30-a0-591-g3c58d2bc28 (webtiles) character file.

Game seed: 7407305954495530298

658 Leeroy the Ducker (level 7, -1/40 HPs)
             Began as a Tengu Reaver on Jan 5, 2023.
             Was an Initiate of Vehumet.
             Shot with an arrow by a centaur (5 damage)
             ... on level 6 of the Dungeon.
             The game lasted 00:12:33 (3734 turns).

Leeroy the Ducker (Tengu Reaver)                    Turns: 3734, Time: 00:12:34

Health: -1/40      AC:  3    Str: 19    XL:     7   Next: 55%
Magic:  7/11       EV: 17    Int: 15    God:    Vehumet [......]
Gold:   178        SH:  0    Dex: 12    Spells: 5/10 levels left

rFire   . . .      SeeInvis .    a - +0 falchion
rCold   . . .      Faith    .    (no shield)
rNeg    . . .      Spirit   .    b - +0 leather armour
rPois   .          Reflect  .    (helmet restricted)
rElec   .          Harm     .    (no cloak)
rCorr   .          Rampage  .    (no gloves)
Will    .....                    (boots unavailable)
Stlth   +                        (no amulet)
HPRegen 0.26/turn                f - +6 ring of strength
MPRegen 0.12/turn                (no ring)

@: flying quickly and evasively, quick
A: beak, talons 3, nimble flight
a: Renounce Religion


You were on level 6 of the Dungeon.
You worshipped Vehumet.
Vehumet was noncommittal.
You visited 2 branches of the dungeon, and saw 8 of its levels.

You collected 217 gold pieces.
You spent 39 gold pieces at shops.

Inventory:

Hand Weapons
 a - a +0 falchion (weapon)
 p - a +1 flail of holy wrath
 q - a -2 dagger of freezing
Missiles
 r - 5 curare-tipped darts (quivered)
Armour
 b - a +0 leather armour (worn)
Jewellery
 f - a +6 ring of strength (left hand)
 k - a ring of fire
Scrolls
 c - 3 scrolls of teleportation
 d - 3 scrolls of identify {unknown}
 g - a scroll of noise {unknown}
 i - a scroll of fog {unknown}
 l - a scroll of poison {unknown}
 n - a scroll of vulnerability {unknown}
 o - a scroll of amnesia {unknown}


   Skills:
 - Level 2.0 Fighting
 - Level 5.5 Long Blades
 - Level 7.3 Dodging
 - Level 2.0 Spellcasting
 + Level 5.3 Conjurations


You had 5 spell levels left.
You knew the following spells:

 Your Spells              Type           Power      Damage    Failure   Level
a - Kiss of Death         Conj/Necr      36%        2d8       9%          1
b - Momentum Strike       Conj/Tloc      18%        3d8       14%         2
c - Scorch                Fire           2%         2d5       36%         2

Your spell library contained the following spells:

 Spells                   Type           Power      Damage    Failure   Level
 Magic Dart               Conj           68%        1d6       3%          1
 Hailstorm                Conj/Ice       9%         3d4       26%         3
 Call Imp                 Summ           1%         N/A       36%         2
 Mephitic Cloud           Conj/Pois/Air  6%         N/A       36%         3
 Ignite Poison            Fire/Tmut/Pois 1%         N/A       61%         3
 Flame Wave               Conj/Fire      9%         2d6       65%         4
 Sticky Flame             Conj/Fire      9%         2d3       65%         4
 Summon Cactus Giant      Summ           0%         N/A       100%        6
 Ignition                 Fire           0%         3d3       100%        8


Dungeon Overview and Level Annotations

Branches:
Dungeon (7/15)             Temple (1/1) D:4

Altars:
Ashenzari
Cheibriados
Dithmenos
Fedhas
Gozag
Makhleb
Nemelex Xobeh
Okawaru
Sif Muna
Trog
Uskayaw
Vehumet
Wu Jian
Xom
Zin
The Shining One

Shops:
D:2 *   D:4 **

Annotations:
D:3 Pargi


Innate Abilities, Weirdness & Mutations

You have a beak for a mouth.
You have claws for feet.
Your magical nature lets you fly swiftly and evasively.


Message History

The black bear barely misses you. The black bear claws you.
* * * LOW HITPOINT WARNING * * *
The black bear closely misses you.
You see here 2 poisoned darts.
Found an escape hatch in the floor.
A necrophage comes into view.
Found 10 gold pieces.
A centaur comes into view.
Found 11 gold pieces.
The centaur shouts!
The centaur wields a +0 shortbow.
The centaur shoots an arrow.
The arrow misses you.
The centaur shoots an arrow.
The arrow hits you.
The centaur shoots an arrow.
The arrow hits you!
* * * LOW HITPOINT WARNING * * *
You hear a bark!
A hound comes into view.
Casting: Scorch (dangerous; 36% risk of failure)
Confirm with . or Enter, or press ? or * to list all spells.
Aiming: Momentum Strike (safe; 14% risk of failure)
Press: ? - help, Dir - move target, f - necrophage
Aim: a necrophage (68% to hit)
Okay, then.
Casting: Momentum Strike (safe; 14% risk of failure)
Confirm with . or Enter, or press ? or * to list all spells.
Flames lash the necrophage.
The necrophage is lightly damaged.
The necrophage's fire resistance burns away.
Casting: Scorch (dangerous; 36% risk of failure)
Confirm with . or Enter, or press ? or * to list all spells.
Flames lash the necrophage.
The necrophage is burned terribly!
The necrophage is heavily damaged.
The necrophage closely misses you.
Casting: Scorch (dangerous; 36% risk of failure)
Confirm with . or Enter, or press ? or * to list all spells.
Okay, then.
The centaur shoots an arrow.
The arrow misses you. The hound misses you.
The centaur shoots an arrow.
The arrow hits you!
* * * LOW HITPOINT WARNING * * *
The hound barely misses you.
The centaur shoots an arrow.
The arrow hits you.
You die...

# # #..# #.#.#..# #
#..###.#.#...
######....$......#
##...#.##..>.....###
........#..........
##............$..#######
##.#...#n# #...........
#.......# #...@#
#######h###...h#
##.h.c##n# ####....#
######


You could see a black bear, a necrophage (combustible), a centaur and a hound.

Vanquished Creatures
  2 ogres
  A necrophage (D:5)
  A scorpion (D:7)
  2 howler monkeys (D:7)
  2 hounds
  An orc priest (D:5)
  An orc wizard (D:5)
  An iguana (D:4)
  Jessica (D:2)
  5 adders
  2 dart slugs (D:2)
  3 orcs (D:5)
  9 bats
  4 endoplasms
  2 giant cockroaches
  5 goblins
  4 hobgoblins
  2 jackals (D:4)
  4 kobolds
  4 quokkas
  5 ball pythons
  5 frilled lizards
  3 rats
69 creatures vanquished.

Notes
Turn   | Place    | Note
-------+----------+-------------------------------------------
     0 | D:1      | Leeroy the Tengu Reaver began the quest for the Orb.
     0 | D:1      | Reached XP level 1. HP: 12/12 MP: 4/4
   120 | D:1      | Reached XP level 2. HP: 9/17 MP: 6/6
   357 | D:1      | Learned a level 2 spell: Momentum Strike
   489 | D:1      | Found a faded altar of an unknown god.
   588 | D:1      | Reached XP level 3. HP: 21/21 MP: 7/7
   878 | D:2      | Noticed Jessica
   898 | D:2      | Killed Jessica
   899 | D:2      | Reached skill level 5 in Conjurations
   899 | D:2      | Reached XP level 4. HP: 6/26 MP: 8/8
  1098 | D:2      | Found a shimmering blue altar of Sif Muna.
  1236 | D:2      | Reached skill level 5 in Long Blades
  1351 | D:2      | Found Caeterip's Assorted Antiques.
  1561 | D:3      | Learned a level 2 spell: Scorch
  1587 | D:3      | Noticed Pargi
  1717 | D:4      | Gained mutation: Your magical nature lets you fly swiftly
                  | and evasively. [Tengu growth]
  1717 | D:4      | Reached XP level 5. HP: 12/30 MP: 9/9
  1813 | D:4      | Noticed an ogre
  1958 | D:4      | Killed an ogre
  1959 | D:4      | Reached skill level 3 in Dodging
  2091 | D:4      | Reached skill level 4 in Dodging
  2091 | D:4      | Reached XP level 6. HP: 35/35 MP: 1/10
  2167 | D:4      | Found Afeilucw's Fire Supplies.
  2390 | D:4      | Found Egesi's General Store.
  2395 | D:4      | Bought 5 curare-tipped darts for 39 gold pieces
  2546 | D:4      | Found a glowing golden altar of the Shining One.
  2599 | D:4      | Found a staircase to the Ecumenical Temple.
  2605 | Temple   | Entered the Ecumenical Temple
  2612 | Temple   | Became a worshipper of Vehumet
  2827 | D:5      | Entered Level 5 of the Dungeon
  2867 | D:5      | Reached skill level 5 in Dodging
  3117 | D:5      | Reached skill level 6 in Dodging
  3117 | D:5      | Reached XP level 7. HP: 36/40 MP: 2/11
  3453 | D:7      | Reached skill level 7 in Dodging
  3734 | D:6      | Shot with an arrow by a centaur

Illustrated notes

Levels and vault maps discovered:
D:1:      elethiomel_arrival_quiet, layout_loops_ring,
          shapermc_ecumenical_altar_mp_vishouse, grunt_decor_one_mirror
D:2:      layout_rooms, basic_altar, serial_shops, shop,
          chequers_serial_rivers_micro_e, uniq_jessica
D:3:      layout_rooms, nicolae_elyvilon_peaceful_grove, uniq_pargi
D:4:      layout_basic, general_overflow_altar, temple_green, serial_shops,
          shop, nicolae_shop_fire_sale [nicolae_sub_dead_trees]
D:5:      layout_rooms
D:6:      layout_loops_ring, mainiacjoe_overflow_boulevard
D:7:      layout_basic, kennysheep_mini_moat, nicolae_ossuary_entry_monument,
          uniq_menkaure
Temple:   nicolae_temple_no_exploring_needed

Skill      XL: |  1  2  3  4  5  6  7 |
---------------+----------------------+-----
Long Blades    | 4 5 |  5.5
Conjurations   | 5 |  5.3
Dodging        | 4 6 7 |  7.3
Fighting       | |  2.0
Spellcasting   | |  2.0

Action                   |  1- 3 |  4- 6 |  7- 9 || total
-------------------------+-------+-------+-------++-------
Melee: Falchion          |    61 |    84 |    25 ||   170
       Kick              |    10 |    18 |    10 ||    38
       Peck              |     5 |    15 |     4 ||    24
       Punch             |       |     1 |       ||     1
Throw: Dart              |       |     6 |     2 ||     8
 Cast: Scorch            |       |     9 |     9 ||    18
       Momentum Strike   |       |     2 |     1 ||     3
  Use: Potion            |     1 |       |     3 ||     4
       Scroll            |       |     1 |       ||     1
 Stab: Sleeping          |       |     1 |       ||     1
Armor: Leather armour    |    15 |    18 |     6 ||    39
Dodge: Dodged            |    41 |    67 |    49 ||   157

Table legend: (Time is in decaauts)
 A = Elapsed time spent in this place.
 B = Non-inter-level travel time spent in this place.
 C = Inter-level travel time spent in this place.
 D = Time resting spent in this place.
 E = Time spent auto-exploring this place.
 F = Levels seen in this place.
 G = Mean time per level.
                   A        B        C        D        E       F      G
               +--------+--------+--------+--------+--------+-----+--------+
         Total |   3620 |   3503 |    117 |    303 |   2329 |   8 |  452.5 |
       Dungeon |   3594 |   3500 |     94 |    303 |   2329 |   7 |  513.4 |
        Temple |     26 |      4 |     22 |      0 |      0 |   1 |   26.0 |
               +--------+--------+--------+--------+--------+-----+--------+

Top non-repeatable levels by time:
     D:4: 1160 daAuts
     D:1: 801 daAuts
     D:2: 716 daAuts
     D:5: 425 daAuts
     D:6: 249 daAuts
     D:3: 200 daAuts
     D:7: 40 daAuts
  Temple: 26 daAuts
